 Dungeon Crawl Stone Soup version 0.30-a0-12-gd8047c6341 (webtiles) character file.

Game seed: 3532406868825237782

240508 Flugkiller the Warrior (level 18, -4/123 HPs)
             Began as a Minotaur Fighter on Aug 23, 2022.
             Was the Champion of Qazlal.
             Slain by a large abomination (23 damage)
             ... on level 4 of the Abyss.
             The game lasted 00:20:13 (25896 turns).

Flugkiller the Warrior (Minotaur Fighter)          Turns: 25896, Time: 00:20:13

Health: -4/123     AC: 28    Str: 22    XL:     18   Next: 62%
Magic:  26/26      EV: 13    Int:  5    God:    Qazlal [******]
Gold:   1472       SH: 22    Dex: 17    Spells: 17/17 levels left

rFire   . . .      SeeInvis +    a - +9 broad axe (flame)
rCold   . . .      Faith    .    R - +0 kite shield
rNeg    . . .      Spirit   .    W - +6 plate armour {ponderous}
rPois   +          Reflect  .    B - +0 hat {SInv}
rElec   .          Harm     .    O - +0 cloak
rCorr   .          Rampage  .    X - +0 pair of gloves {hurl}
Will    +....      Rage     9%   K - +0 pair of boots
Stlth   ..........               S - amulet of regeneration
HPRegen 0.00/turn                o - ring of poison resistance
MPRegen 0.20/turn                p - +4 ring of protection

@: sick, very slightly contaminated, repel missiles, unable to drink, slow
A: horns 2, retaliatory headbutt, berserk 2, subdued magic 1, inability to drink
after injury 1, [deformed body], frail 1[+2], [screaming 1]
}: 2/15 runes: decaying, gossamer
a: Renounce Religion, Upheaval, Elemental Force, Disaster Area


You were on level 4 of the Abyss.
You worshipped Qazlal.
Qazlal was exalted by your worship.
You visited 6 branches of the dungeon, and saw 31 of its levels.
You visited the Abyss 1 time.
You visited 1 bazaar.
You also visited: Ossuary.

You collected 2741 gold pieces.
You spent 1269 gold pieces at shops.

Inventory:

Hand Weapons
 a - a +9 broad axe of flaming (weapon)
   (You took it off an orc knight on level 2 of the Orcish Mines)
 b - a +1 rapier of distortion
   (You took it off a spriggan on level 5 of the Lair of Beasts)
Missiles
 H - 4 throwing nets (quivered)
Armour
 B - a +0 hat of see invisible (worn)
   (You found it on level 4 of the Spider Nest)
 E - a +1 hat
   (You found it on level 3 of the Dungeon)
 K - a +0 pair of boots (worn)
   (You found it on level 9 of the Dungeon)
 O - a +0 cloak (worn)
   (You found it on level 1 of the Lair of Beasts)
 R - a +0 kite shield (worn)
   (You took it off Donald on level 3 of the Spider Nest)
 W - a +6 plate armour of ponderousness (worn)
   (You took it off an orc knight on level 2 of the Orcish Mines)
 X - a +0 pair of gloves of hurling (worn)
   (You found it on level 1 of the Lair of Beasts)
Jewellery
 i - a ring of see invisible
   (You found it on level 3 of the Dungeon)
 j - a +4 ring of slaying
   (You found it on level 13 of the Dungeon)
 k - a ring of resist corrosion
   (You found it on level 4 of the Dungeon)
 o - a ring of poison resistance (left hand)
   (You found it on level 7 of the Dungeon)
 p - a +4 ring of protection (right hand)
   (You bought it in a shop in a bazaar)
 u - the ring of Cijy {rElec rF+ Will+}
   (You found it on level 1 of the Lair of Beasts)

   [ring of protection from fire]

   rF:        It protects you from fire.
   rElec:     It insulates you from electricity.
   Will:      It increases your willpower.
 S - an amulet of regeneration (around neck)
   (You found it on level 3 of the Dungeon)
 V - the amulet "Muna" {Reflect rElec Int+2 SH+5 Stlth+}
   (You took it off a skeletal warrior on level 13 of the Dungeon)

   [amulet of reflection]

   It reflects blocked missile attacks.
   Int:       It affects your intelligence (+2).
   rElec:     It insulates you from electricity.
   SH:        It affects your SH (+5).
   Stlth:     It makes you more stealthy.
Wands
 g - a wand of digging (12)
   (You found it on level 3 of the Dungeon)
 I - a wand of roots (24)
   (You found it on level 9 of the Dungeon)
 M - a wand of light (32)
   (You found it on level 11 of the Dungeon)
 N - a wand of mindburst (7)
   (You found it on level 10 of the Dungeon)
 U - a wand of charming (29)
   (You found it on level 3 of the Dungeon)
Scrolls
 l - a scroll of magic mapping
 m - 3 scrolls of vulnerability
 r - 2 scrolls of identify
 s - 2 scrolls of immolation
 t - 10 scrolls of teleportation
 y - 8 scrolls of fear
 z - 4 scrolls of blinking
 G - a scroll of enchant weapon
 J - 4 scrolls of enchant armour
 L - 3 scrolls of summoning
Potions
 d - 6 potions of might
 f - 2 potions of magic
 h - 10 potions of haste
 n - 2 potions of resistance
 q - 20 potions of curing
 v - 3 potions of cancellation
 w - 4 potions of heal wounds
 x - 5 potions of lignification
 A - 3 potions of invisibility
 C - 10 potions of flight
 D - 7 potions of ambrosia
 P - 4 potions of mutation
Miscellaneous
 e - a phantom mirror
   (You found it on level 2 of the Lair of Beasts)
 F - a condenser vane
   (You found it on level 5 of the Lair of Beasts)


   Skills:
 + Level 19.1 Fighting
 - Level 18.0 Axes
 + Level 17.5 Armour
 + Level 14.6 Dodging
 - Level 15.0 Shields
 * Level 12.5 Invocations
 - Level 6.0 Evocations


You had 17 spell levels left.
You didn't know any spells.
Your spell library was empty.

Dungeon Overview and Level Annotations

Branches:
Dungeon (15/15)            Temple (1/1) D:6            Lair (5/5) D:10
  Swamp (4/4) Lair:3       Spider (4/4) Lair:2        Slime (0/5) Lair:4
    Orc (2/2) D:9             Elf (0/3) Orc:2        Vaults (0/5) D:13
 Depths (0/4) D:15        Ossuary (visited)

Altars:
Ashenzari
Cheibriados
Dithmenos
Elyvilon
Fedhas
Gozag
Kikubaaqudgha
Makhleb
Okawaru
Qazlal
Ru
Sif Muna
Trog
Uskayaw
Vehumet
Wu Jian
Xom
Zin
The Shining One
Jiyva
Lugonu

Shops:
D:4 *   D:10 :   Orc:2 ?(::

Portals:
Abyss: Lair:5

Annotations:
D:5 1 exclusion
Lair:2 exclusion: oklob plant
Lair:4 1 runed translucent door, exclusion: oklob plant
Lair:5 exclusion: oklob plant
Spider:1 1 runed translucent door, Qudumifeg's ghost, adept DrCj


Innate Abilities, Weirdness & Mutations

You have a pair of horns on your head.
You reflexively headbutt those who attack you in melee.
You have an uncontrollable temper.
Your spells are a little easier to cast, but a little less powerful.
You occasionally lose the ability to drink potions when taking damage.
[Armour fits poorly on your strangely shaped body.]
[You are extremely frail. (-30% HP)]
[You occasionally shout uncontrollably at your foes.]


Message History

You slash the starcursed mass! You burn the starcursed mass.
You destroy the starcursed mass!
Qazlal accepts your kill.
You hear a roar!
The wretched star is engulfed in freezing vapours.
You destroy the wretched star!
Qazlal accepts your kill.
The starcursed mass shrieks in your mind.
* * * LOW HITPOINT WARNING * * *
You feel the corruption within you wane somewhat.
You feel clever.
Your system partly accepts the healing effects of potions.
You lose the ability to drink potions when taking damage less often.
Training target 18.0 for Axes reached!
Your Axes skill increases to level 18!
You need to enable at least one skill for training.
The starcursed mass shrieks in your mind.
* * * LOW HITPOINT WARNING * * *
You are too injured to fight recklessly!
You slash the starcursed mass! You burn the starcursed mass.
You destroy the starcursed mass!
Qazlal accepts your kill.
You are too injured to fight recklessly!
You are too injured to fight recklessly!
Your system partially rejects the healing.
You feel much better.
You hear a roar!
An ancient zyme comes into view.
You scream at the ancient zyme!
You feel ill.
An ancient zyme is nearby!
An ancient zyme is nearby!
You start resting.
You recover from your berserk rage.
Your protection from physical attacks is fading.
You start resting.
An ancient zyme is nearby!
An ancient zyme is nearby!
You slice the ancient zyme!! You burn the ancient zyme!
The ancient zyme is severely damaged.
You hear a shout!
You block the ancient zyme's attack. x2
You slash the ancient zyme! You burn the ancient zyme.
You headbutt the ancient zyme.
You destroy the ancient zyme!
Qazlal accepts your kill.
A red draconian scorcher comes into view.
It is wielding a +0 dagger.
The red draconian scorcher roars!
A red draconian scorcher is nearby!
You are suddenly pulled into a different region of the Abyss!
The abyssal matter surrounding you shimmers strangely.
You detect the abyssal rune!
You feel less protected from physical attacks.
You hear a shout!
You hear a deafening roar! x2; You hear a shout!
You hear a roar!
Found a corrupted altar of Lugonu.
A large abomination comes into view.
Found a runelight.
A tentacled starspawn comes into view.
Your system partially rejects the healing.
You feel much better.
You scream at the satyr!
A swamp dragon and a satyr come into view.
The swamp dragon roars deafeningly!
The satyr shouts!
You hear a deafening roar!
A lurking horror comes into view.
The tentacled starspawn is engulfed in blazing flames.
You block the tentacled starspawn's attack. x2
You are too injured to fight recklessly!
You are too injured to fight recklessly!
You hit the tentacled starspawn. You burn the tentacled starspawn.
You headbutt the tentacled starspawn!
The tentacled starspawn is moderately damaged.
You hear a roar!
You slice the tentacled starspawn!! You burn the tentacled starspawn.
Your headbutt misses the tentacled starspawn.
The tentacled starspawn is heavily damaged.
The tentacled starspawn is engulfed in blazing flames.
The tentacled starspawn closely misses you.
You furiously retaliate!
You headbutt the tentacled starspawn!
You block the tentacled starspawn's attack.
You slice the tentacled starspawn!! You burn the tentacled starspawn!
You destroy the tentacled starspawn!
Qazlal accepts your kill.
The swamp dragon breathes poison at you.
The blast of poison engulfs you but does no damage.
You resist.
You feel the corruption within you wane somewhat.
You feel clever.
Your urge to scream lessens.
Your system completely accepts the healing effects of potions.
An apocalypse crab comes into view.
The large abomination is struck by lightning.
The large abomination hits you!
* * * LOW HITPOINT WARNING * * *
You hit the large abomination. You burn the large abomination.
The large abomination is moderately damaged.
The large abomination hits you.
* * * LOW HITPOINT WARNING * * *
Found a runelight.
The large abomination hits you!!
You feel threatened and lose the ability to drink potions!
You die...

....###c .#°...
#.°.. .D. φ #
##t# # #.#○○#
⌠#####
#☼○.§###......
.☼.°☼##☼○X.......
.○##..○..@☼.#...
. #.#...#.._..#
..#.#.#.#..#... .
#...##.#.#.###
..#.# #. . #
##..# ..#. ##. ..
## .


You could see a large abomination.

Vanquished Creatures
  Jorgrun (Swamp:3)
  Mlioglotl (Swamp:1)
  A tentacled starspawn (Abyss:4)
  Donald (Spider:3)
  A thorn hunter (Swamp:4)
  A fire giant (D:15)
  8 emperor scorpions
  3 ghost moths (Spider:4)
  2 broodmothers
  An entropy weaver (Spider:3)
  3 eleionomae
  4 bunyips
  An ettin (Orc:1)
  A shambling mangrove (Swamp:4)
  Josephine (D:13)
  Fannar (D:12)
  A rakshasa (D:14)
  8 vault guards (D:13)
  8 boulder beetles
  26 hydras
  A radroach (shapeshifter) (Lair:5)
  3 ghost crabs
  An ogre mage (D:14)
  A catoblepas (Lair:5)
  A spriggan air mage (Swamp:3)
  7 alligators
  5 centaur warriors
  7 two-headed ogres
  5 death yaks (Lair:2)
  5 orc high priests (Orc:2)
  7 thrashing horrors
  4 tengu warriors
  2 wretched stars (Abyss:4)
  4 pharaoh ants
  13 steelbarb worms
  8 skeletal warriors
  2 goliath frogs
  14 swamp dragons
  3 spriggan druids
  2 bog bodies
  A flayed ghost (D:14)
  Pikel (D:6)
  10 orb spiders
  A lindwurm (Lair:4)
  6 orc knights
  3 orc sorcerers (Orc:2)
  24 wolf spiders
  A deep elf pyromancer (D:13)
  8 ugly things
  3 will-o-the-wisps
  2 manticores
  4 elephants (Lair:3)
  7 cyclopes
  A worldbinder (Abyss:4)
  An elephant (shapeshifter) (D:15)
  3 black mambas
  4 moths of wrath
  6 torpor snails
  7 cane toads
  A smoke demon (Lair:5)
  2 gargoyles
  13 demonic crawlers
  3 rime drakes (Swamp:4)
  3 yaktaurs (D:15)
  An unseen horror (D:10)
  A hellion (Abyss:4)
  9 komodo dragons
  3 tengu conjurers (D:15)
  A freezing wraith (Abyss:4)
  A kobold demonologist (D:10)
  6 ancient zymes
  3 trolls
  A polar bear (Lair:5)
  9 hornets
  4 raiju (Abyss:4)
  23 tarantellas
  6 slime creatures
  A tyrant leech (Swamp:3)
  43 blink frogs
  20 culicivoras
  12 starcursed masses (Abyss:4)
  5 shadows
  4 ynoxinuls
  A centaur simulacrum (D:15)
  7 spriggans
  46 jumping spiders
  2 wyverns
  67 yaks
  A vampire (D:11)
  12 wraiths
  48 redbacks
  6 basilisks
  16 vampire mosquitoes
  2 chaos spawn (Lair:5)
  3 wargs (D:10)
  8 swamp worms
  3 acid dragons
  A large abomination (Lair:5)
  21 water moccasins
  8 swamp drakes
  3 black bears
  31 orc warriors
  A sky beast (D:7)
  5 ogres
  3 ice beasts
  21 wolves
  3 centaurs
  A lemure (D:6)
  A phantom (D:5)
  7 small abominations (Lair:5)
  5 kobold brigands
  2 gnoll sergeants
  An elf zombie (Ossuary)
  A necrophage (D:5)
  7 bullfrogs
  7 wights
  3 scorpions
  11 electric eels
  7 centaur zombies
  A bullfrog zombie (D:5)
  6 hounds
  9 jellies
  A gnoll bouda (D:7)
  37 orc priests
  2 iguanas
  23 orc wizards
  5 hell rats (Lair:5)
  2 ogre zombies (Ossuary)
  8 mummies
  A howler monkey zombie (D:11)
  11 gnolls
  8 adders
  A shadow imp (D:7)
  16 white imps
  An ufetubus (D:6)
  2 adder zombies (Ossuary)
  5 worms
  2 dart slugs
  87 orcs
  16 endoplasms
  8 giant cockroaches
  A gnoll zombie (Ossuary)
  8 goblins
  8 hobgoblins
  A jackal (D:3)
  2 quokkas
  8 ball pythons
  4 bats
  4 frilled lizards
  A goblin zombie (Ossuary)
  6 hobgoblin zombies (Ossuary)
  26 kobolds
  An orc zombie (Ossuary)
  8 quokka zombies (Ossuary)
  4 rats
  5 rat zombies (Ossuary)
  17 briar patches
1165 creatures vanquished.

Vanquished Creatures (others)
  3 bloated husks
  A tyrant leech (Swamp:1)
  A briar patch (Lair:1)
  30 foxfires
  36 fungi
  48 plants
  A withered plant (D:11)
120 creatures vanquished.

Grand Total: 1285 creatures vanquished

Notes
Turn   | Place    | Note
-------+----------+-------------------------------------------
     0 | D:1      | Flugkiller the Minotaur Fighter began the quest for the
                  | Orb.
     0 | D:1      | Reached XP level 1. HP: 19/19 MP: 0/0
    62 | D:1      | Found a faded altar of an unknown god.
    87 | D:1      | Reached XP level 2. HP: 23/27 MP: 1/1
   356 | D:1      | Reached skill level 4 in Fighting
   466 | D:1      | Reached XP level 3. HP: 33/33 MP: 2/2
  1072 | D:3      | Reached XP level 4. HP: 40/41 MP: 3/3
  1594 | D:3      | You fall into a shaft and drop 1 floor!
  1809 | D:3      | Reached XP level 5. HP: 47/47 MP: 4/4
  1989 | D:4      | Reached skill level 5 in Axes
  2030 | D:4      | Found a shadowy altar of Dithmenos.
  2107 | D:4      | Reached skill level 5 in Fighting
  2250 | D:4      | Found Liutrin's General Store.
  2259 | D:4      | Bought a +1 war axe of electrocution for 204 gold pieces
  2429 | D:5      | Entered Level 5 of the Dungeon
  2444 | D:5      | Noticed a phantom
  2454 | D:5      | Killed a phantom
  2455 | D:5      | Reached skill level 5 in Armour
  2455 | D:5      | Reached XP level 6. HP: 56/56 MP: 5/5
  2609 | D:5      | Reached XP level 7. HP: 55/62 MP: 6/6
  2657 | D:5      | Reached skill level 6 in Fighting
  2848 | D:5      | Found an opulent altar of Gozag.
  3132 | D:5      | Reached XP level 8. HP: 69/71 MP: 7/7
  3201 | D:5      | Found a glowing silver altar of Zin.
  3431 | D:5      | Identified the +4 long sword of Cowardice {protect, Fly rC-
                  | rN+ rCorr}
  3678 | D:6      | Found a staircase to the Ecumenical Temple.
  3697 | Temple   | Entered the Ecumenical Temple
  3716 | Temple   | Became a worshipper of Qazlal Stormbringer
  3755 | D:6      | Found a sand-covered staircase.
  3762 | Ossuary  | Entered an ossuary
  3799 | Ossuary  | Reached skill level 1 in Evocations
  3911 | Ossuary  | Reached * piety under Qazlal
  4398 | D:6      | Found a shimmering blue altar of Sif Muna.
  4496 | D:6      | Reached ** piety under Qazlal
  4497 | D:6      | Reached skill level 5 in Evocations
  4651 | D:6      | Found an ornate altar of the Wu Jian Council.
  4749 | D:6      | Reached skill level 15 in Axes
  4749 | D:6      | Reached XP level 9. HP: 78/78 MP: 8/8
  4829 | D:7      | Noticed Pikel
  4855 | D:6      | Killed Pikel
  4856 | D:6      | Reached XP level 10. HP: 80/84 MP: 9/9
  4887 | D:7      | Found a burning altar of Makhleb.
  4887 | D:7      | Found a sacrificial altar of Ru.
  4926 | D:7      | Reached skill level 7 in Fighting
  4926 | D:7      | Reached skill level 1 in Dodging
  5023 | D:7      | Reached skill level 1 in Invocations
  5168 | D:7      | Identified the +1 ring mail of Darkness {rC+++}
  5451 | D:8      | Found a bloodstained altar of Trog.
  5646 | D:8      | Identified the +0 robe of Transparent Awe {Harm +Blink}
  5661 | D:8      | Reached *** piety under Qazlal
  5713 | D:8      | Found a radiant altar of Vehumet.
  5766 | D:8      | Identified the +5 dagger "Xumoylul" {holy, Int+4}
  6409 | D:9      | Noticed a two-headed ogre
  6426 | D:9      | Killed a two-headed ogre
  6475 | D:9      | Found a staircase to the Orcish Mines.
  6519 | D:9      | Noticed an eight-headed hydra
  6531 | D:9      | Killed an eight-headed hydra
  6761 | D:9      | Found a broken altar of Ashenzari.
  7149 | D:9      | Found a snail-covered altar of Cheibriados.
  7159 | D:9      | Reached skill level 8 in Fighting
  7322 | D:10     | Entered Level 10 of the Dungeon
  7411 | D:10     | Reached XP level 11. HP: 94/94 MP: 12/12
  7536 | D:10     | Found a staircase to the Lair.
  7795 | D:10     | Found Iryaph's Book Boutique.
  7814 | D:10     | Found a blossoming altar of Fedhas.
  7870 | D:10     | Found a white marble altar of Elyvilon.
  8331 | D:11     | Reached **** piety under Qazlal
  8340 | D:11     | Reached skill level 9 in Fighting
  8340 | D:11     | Reached skill level 5 in Dodging
  8550 | D:11     | Reached skill level 5 in Invocations
  8781 | D:11     | Noticed a white ugly thing
  8792 | D:11     | Killed a white ugly thing
  9081 | Lair:1   | Entered Level 1 of the Lair of Beasts
  9106 | Lair:1   | Noticed a seven-headed hydra
  9114 | Lair:1   | Killed a seven-headed hydra
  9115 | Lair:1   | Reached skill level 10 in Fighting
  9115 | Lair:1   | Reached XP level 12. HP: 80/106 MP: 5/15
  9198 | Lair:1   | Reached skill level 10 in Armour
  9683 | Lair:1   | Found a transporter.
  9783 | Lair:1   | Reached skill level 11 in Fighting
  9787 | Lair:1   | Found a transporter.
 10118 | Lair:2   | Noticed a boulder beetle
 10137 | Lair:2   | Killed a boulder beetle
 10342 | Lair:2   | Noticed a death yak
 10344 | Lair:2   | Noticed a death yak
 10344 | Lair:2   | Noticed a death yak
 10345 | Lair:2   | Noticed a death yak
 10345 | Lair:2   | Noticed a death yak
 10370 | Lair:2   | Killed a death yak
 10373 | Lair:2   | Killed a death yak
 10388 | Lair:2   | Killed a death yak
 10393 | Lair:2   | Killed a death yak
 10394 | Lair:2   | Reached XP level 13. HP: 52/116 MP: 13/17
 10506 | Lair:1   | Reached skill level 14 in Fighting
 10506 | Lair:1   | Reached XP level 14. HP: 132/132 MP: 18/18
 10693 | Lair:2   | Found a hole to the Spider Nest.
 11326 | Lair:3   | Reached ***** piety under Qazlal
 11601 | Lair:3   | Found a staircase to the Swamp.
 12131 | Lair:4   | Identified the +10 halberd "Jomuc" {freeze, rC+}
 12251 | Lair:4   | Found a runed translucent door.
 12251 | Lair:4   | Found a viscous altar of Jiyva.
 12251 | Lair:4   | Found a staircase to the Slime Pits.
 12251 | Lair:4   | Noticed an acid blob
 12252 | Lair:4   | Noticed an acid blob
 12447 | Lair:4   | You fall into a shaft and drop 1 floor!
 12447 | Lair:5   | Entered Level 5 of the Lair of Beasts
 12472 | Lair:5   | Reached skill level 15 in Fighting
 12473 | Lair:5   | Reached skill level 10 in Dodging
 12840 | Lair:5   | Reached ****** piety under Qazlal
 13450 | Lair:5   | Reached XP level 15. HP: 129/141 MP: 21/21
 13721 | Lair:5   | Reached skill level 10 in Invocations
 13771 | Lair:5   | Found a corrupted altar of Lugonu.
 13771 | Lair:5   | Found a one-way gate to the infinite horrors of the Abyss.
 14707 | D:12     | Noticed Fannar
 14731 | D:12     | Killed Fannar
 15046 | D:12     | Found a sacrificial altar of Ru.
 15168 | D:13     | Noticed Josephine
 15178 | D:13     | Killed Josephine
 15179 | D:13     | Reached skill level 16 in Fighting
 15613 | D:13     | Found a gateway to a bazaar.
 15630 | Bazaar   | Entered a bazaar
 15634 | Bazaar   | Found Weabbu's Jewellery Boutique.
 15656 | Bazaar   | Found Xecaz's Antique Weapon Emporium.
 15677 | Bazaar   | Found Xurie's Distillery.
 15697 | Bazaar   | Found Roetoapa's Antique Weapon Shoppe.
 15724 | Bazaar   | Bought a +4 ring of protection for 252 gold pieces
 15739 | Bazaar   | Bought a glowing battleaxe for 228 gold pieces
 15756 | Bazaar   | Bought a potion of haste for 150 gold pieces
 15756 | Bazaar   | Bought a potion of mutation for 120 gold pieces
 15756 | Bazaar   | Bought a potion of heal wounds for 75 gold pieces
 15756 | Bazaar   | Bought a potion of heal wounds for 75 gold pieces
 15756 | Bazaar   | Bought a potion of heal wounds for 75 gold pieces
 15756 | Bazaar   | Bought a potion of might for 60 gold pieces
 15879 | D:13     | Identified the amulet "Muna" {Reflect rElec Int+2 SH+5
                  | Stlth+}
 16072 | D:13     | Found a gate to the Vaults.
 16699 | D:14     | Found a glowing silver altar of Zin.
 17445 | D:15     | Entered Level 15 of the Dungeon
 17461 | D:15     | Reached skill level 15 in Armour
 17542 | D:15     | Reached skill level 17 in Fighting
 17549 | D:15     | Reached XP level 16. HP: 77/155 MP: 23/23
 17821 | D:15     | Found a staircase to the Depths.
 18259 | Orc:1    | Entered Level 1 of the Orcish Mines
 18607 | Orc:2    | Entered Level 2 of the Orcish Mines
 18607 | Orc:2    | Found a staircase to the Elven Halls.
 18947 | Orc:2    | Found a burning altar of Makhleb.
 19484 | Orc:2    | Found Ahoerr Geurgh's Book Emporium.
 19484 | Orc:2    | Found Qojist's Book Emporium.
 19485 | Orc:2    | Found Waid's Weapon Shoppe.
 19485 | Orc:2    | Found Ucocloeh's Magic Scroll Emporium.
 19495 | Orc:2    | Bought a scroll of teleportation for 30 gold pieces
 19968 | Lair:1   | Identified the ring of Cijy {rElec rF+ Will+}
 20373 | Spider:1 | Entered Level 1 of the Spider Nest
 20504 | Spider:1 | Found a runed translucent door.
 20505 | Spider:1 | Noticed Qudumifeg's ghost (adept DrCj)
 20636 | Spider:1 | Reached skill level 18 in Fighting
 21320 | Spider:3 | Reached XP level 17. HP: 166/166 MP: 25/25
 21623 | Spider:3 | Noticed Donald
 21645 | Spider:3 | Killed Donald
 22174 | Spider:4 | Entered Level 4 of the Spider Nest
 22196 | Spider:4 | Reached skill level 5 in Shields
 22210 | Spider:4 | Reached skill level 19 in Fighting
 23125 | Spider:4 | Reached skill level 10 in Shields
 23592 | Spider:4 | Got a gossamer rune of Zot
 23987 | Swamp:1  | Entered Level 1 of the Swamp
 24033 | Swamp:1  | Noticed Mlioglotl
 24049 | Swamp:1  | Killed Mlioglotl
 24581 | Swamp:3  | Reached XP level 18. HP: 176/176 MP: 26/26
 24672 | Swamp:3  | Noticed Jorgrun
 24858 | Swamp:3  | Killed Jorgrun
 24978 | Swamp:4  | Entered Level 4 of the Swamp
 25064 | Swamp:4  | Reached skill level 15 in Shields
 25418 | Swamp:4  | Got a decaying rune of Zot
 25769 | Swamp:4  | Gained mutation: You sometimes lose your temper in combat.
                  | [mutagenic glow]
 25776 | Abyss:4  | Cast into level 4 of the Abyss (unwielding a weapon of
                  | distortion)
 25787 | Abyss:4  | Gained mutation: You occasionally lose the ability to drink
                  | potions when taking damage. [mutagenic glow]
 25798 | Abyss:4  | Gained mutation: You are agile. (Dex +4, Str/Int -1)
                  | [mutagenic glow]
 25812 | Abyss:4  | Gained mutation: Your spells are a little easier to cast,
                  | but a little less powerful. [mutagenic glow]
 25825 | Abyss:4  | Gained mutation: [You are frail. (-10% HP)] [mutagenic
                  | glow]
 25839 | Abyss:4  | Paralysed by accursed screaming for 1 turns
 25840 | Abyss:4  | Gained mutation: You have an uncontrollable temper.
                  | [mutagenic glow]
 25854 | Abyss:4  | Lost mutation: You are agile. (Dex +4, Str/Int -1)
                  | [mutagenic glow]
 25886 | Abyss:4  | Found a corrupted altar of Lugonu.
 25896 | Abyss:4  | Slain by a large abomination

Illustrated notes

Levels and vault maps discovered:
D:1:      ncdulo_lavacross, layout_rooms, nicolae_ecumenical_snake_handling
D:2:      layout_rooms
D:3:      layout_basic, amcnicky_mini_rare_corridor_liquid,
          minmay_randomly_rotated_circles
D:4:      layout_rooms, mainiacjoe_overflow_alcove_4, serial_shops,
          nicolae_shop_waterfront, chequers_garden
D:5:      layout_basic, pdpol_temple_overflow_zin_treasury_gozag_greed,
          lemuel_mausoleum_altar_yredelemnul
D:6:      layout_gridville, marbit_many_paths, nzn_wu_jian_council_hall,
          minmay_temple_entry_slanted, chequers_ossuary_entry_cave
D:7:      cheibrodos_quashed, layout_rooms, grunt_temple_overflow_open,
          nicolae_concentric_dashed_squares_mild, hangedman_decor_points,
          uniq_pikel
D:8:      layout_loops_cross, kennysheep_mini, nicolae_vehumet_radiance,
          dk_noncrumbling_2
D:9:      layout_small_grid, lemuel_tele_altar, kennysheep_little_box,
          orc_0_dummy, serial_bayou, serial_bayou_shore_b, serial_bayou_ford_a,
          serial_bayou_shore_b, serial_bayou_pond_d, kennysheep_nub,
          minivault_14
D:10:     layout_gridville, nicolae_overflow_crystal_walls,
          lemuel_crystal_altar, erik_lair_orcish_takeover, serial_shops, shop,
          serial_glass, glass_columns_a, glass_columns_b, glass_columns_a,
          glass_columns_b, glass_columns_a, glass_columns_c, glass_columns_a,
          glass_columns_a, feat_on_display, mrwooster_statue_mirror,
          minivault_25_ag, kennysheep_minor_cross
D:11:     layout_loops_cross, serial_undead, serial_undead_f, serial_undead_a,
          serial_undead_b, serial_undead_f
D:12:     layout_loops_cross, serial_glass, glass_columns_a, glass_columns_a,
          minmay_strange_pillars, minmay_strange_pillars, item_on_display_a,
          due_unseen_surprise, nicolae_ru_the_path_less_chosen, uniq_fannar
D:13:     layout_stronghold, erik_vaults_2, portal_ice_cave_entry_imps,
          serial_shops, bzr_entry_dummy, uniq_josephine
D:14:     layout_layer_cave, minmay_parallelograms, zin_academy
D:15:     grunt_enter_depths_giant_problem, layout_cave_pools
Temple:   nicolae_temple_ecumenical_triangle
Lair:1:   gammafunk_worm_tunnel, layout_regular_city
Lair:2:   minmay_lair_oklob_chamber, layout_cave_shapes,
          nicolae_spider_entry_non_spiders, grunt_megastairs_4,
          serial_bayou_shore_b, serial_bayou_shore_b
Lair:3:   lemuel_slime, layout_cave_pods, minmay_swamp_entry_eels,
          lemuel_fruit_fields
Lair:4:   minmay_lair_oklob_tunnel, layout_regular_city, slime_entry_2, pond,
          infiniplex_staircase_pool_2
Lair:5:   hellmonk_lair_end_abyssal_woods, layout_loops_ring, st_stairs_8,
          serial_bayou_shore_b, grunt_megastairs_1, lemuel_fruit_fields,
          serial_bayou_shore_a
Swamp:1:  layout_basic_swamp, nicolae_swamp_trees_clearing, swamp_pool2,
          lightli_tree_ring, uniq_mlioglotl
Swamp:2:  layout_basic_swamp, nicolae_swamp_ascending_descending_big,
          ldierk_geyser
Swamp:3:  layout_basic_swamp, serial_swamp_ruin, evilmike_swamp_ruin_house_1,
          evilmike_swamp_ruin_house_4, uniq_jorgrun, uniq_louise
Swamp:4:  swamp_alternative, layout_basic_swamp
Spider:1: layout_spider_delve, hellmonk_ghost_happy_afterlife,
          hangedman_spider_tarantella_strand
Spider:2: layout_spider_delve, nicolae_spider_rock_and_or_roll
Spider:3: layout_spider_delve, uniq_donald
Spider:4: grunt_spider_rune_circles
Orc:1:    layout_caves
Orc:2:    st_orc_pillars, layout_caves, basic_altar
Abyss:4:  base: Orc:2, base: D:11, nicolae_abyss_rune_left_handed

Skill      XL: |  1  2  3  4  5  6  7  8  9 10 11 12 13 14 15 16 17 18 |
---------------+-------------------------------------------------------+-----
Axes           | 3 4 5 6 8 15 16 18 | 18.0
Armour         | 4 5 6 8 9 11 13 15 17 | 17.5
Fighting       | 4 5 6 8 10 11 14 15 17 18 19 | 19.1
Evocations     | 5 6 |  6.0
Dodging        | 3 6 8 10 12 14 | 14.6
Invocations    | 3 5 7 9 11 12 | 12.5
Shields        | 13 15 | 15.0

Action                   |  1- 3 |  4- 6 |  7- 9 | 10-12 | 13-15 | 16-18 || total
-------------------------+-------+-------+-------+-------+-------+-------++-------
Melee: War axe           |    74 |   104 |   168 |   596 |   816 |   234 ||  1992
       Headbutt          |    13 |    18 |    37 |   128 |   228 |   333 ||   757
       Broad axe         |       |       |       |       |       |  1027 ||  1027
Invok: Upheaval          |       |       |       |     7 |     2 |     8 ||    17
       Disaster Area     |       |       |       |       |       |     5 ||     5
Evoke: Wand              |       |       |       |     2 |     2 |       ||     4
  Use: Scroll            |       |    12 |     6 |     5 |     3 |    20 ||    46
       Potion            |       |       |     1 |       |     2 |     6 ||     9
 Stab: Distracted        |       |       |       |       |       |     4 ||     4
Armor: Scale mail        |    30 |    48 |    12 |       |       |       ||    90
       Plate armour      |       |       |    44 |   178 |   285 |   968 ||  1475
Dodge: Dodged            |    37 |    52 |    31 |   119 |   259 |   661 ||  1159
       Repelled          |       |       |       |       |     4 |    27 ||    31
Block: Buckler           |    21 |    22 |    34 |   193 |   397 |   879 ||  1546
       Kite shield       |       |       |       |       |       |   428 ||   428

Table legend: (Time is in decaauts)
 A = Elapsed time spent in this place.
 B = Non-inter-level travel time spent in this place.
 C = Inter-level travel time spent in this place.
 D = Time resting spent in this place.
 E = Time spent auto-exploring this place.
 F = Levels seen in this place.
 G = Mean time per level.
                   A        B        C        D        E       F      G
               +--------+--------+--------+--------+--------+-----+--------+
         Total |  25980 |  23623 |   2357 |   1599 |  16645 |  34 |  764.1 |
       Dungeon |  12746 |  11638 |   1108 |    318 |   9237 |  15 |  849.7 |
        Temple |     26 |     26 |      0 |      0 |      6 |   1 |   26.0 |
          Lair |   5662 |   5153 |    509 |    615 |   3431 |   5 | 1132.4 |
         Swamp |   1848 |   1809 |     39 |    244 |    981 |   4 |  462.0 |
   Spider Nest |   3509 |   3052 |    457 |    385 |   1731 |   4 |  877.2 |
  Orcish Mines |   1542 |   1300 |    242 |     33 |    944 |   2 |  771.0 |
         Abyss |    120 |    120 |      0 |      3 |     12 |   1 |  120.0 |
        Bazaar |    164 |    164 |      0 |      0 |     84 |   1 |  164.0 |
       Ossuary |    358 |    358 |      0 |      0 |    219 |   1 |  358.0 |
               +--------+--------+--------+--------+--------+-----+--------+

Top non-repeatable levels by time:
Spider:4: 1519 daAuts
  Lair:5: 1435 daAuts
Spider:3: 1276 daAuts
  Lair:1: 1267 daAuts
    D:10: 1211 daAuts
    D:13: 1198 daAuts
     D:5: 1193 daAuts
   Orc:2: 1165 daAuts
  Lair:2: 1101 daAuts
  Lair:3: 1095 daAuts
    D:14: 1091 daAuts
     D:9: 1088 daAuts
     D:3: 948 daAuts
     D:6: 867 daAuts
     D:8: 832 daAuts
